 Dungeon Crawl Stone Soup version 0.30.1-4-g462c640d31 (webtiles) character file.

Game seed: 11525603397566722596

30 spardeous the Trooper (level 3, -5/34 HPs)
             Began as a Minotaur Berserker on Aug 23, 2023.
             Was a Follower of Trog.
             Slain by a worm (9 damage)
             ... on level 2 of the Dungeon.
             The game lasted 00:00:39 (656 turns).

spardeous the Trooper (Minotaur Berserker)           Turns: 656, Time: 00:00:40

Health: -5/34      AC:  3    Str: 23    XL:     3   Next: 5%
Magic:  2/2        EV: 11    Int:  4    God:    Trog [*.....]
Gold:   64         SH:  0    Dex:  9    Spells: 2/2 levels left

rFire   . . .        a - +0 hand axe
rCold   + . .        (no shield)
rNeg    . . .        k - +0 leather armour
rPois   .            (helmet restricted)
rElec   .            (no cloak)
rCorr   .            (no gloves)
SInv    .            (no boots)
Will    .....        (no amulet)
Stlth   +            c - ring of protection from cold
HPRegen 0.25/turn    (no ring)
MPRegen 0.08/turn

%: no passive effects
@: no status effects
A: horns 2, retaliatory headbutt
a: Renounce Religion, Berserk


You were on level 2 of the Dungeon.
You worshipped Trog.
Trog was aware of your devotion.
You visited 1 branch of the dungeon, and saw 2 of its levels.

You collected 64 gold pieces.

Inventory:

Hand Weapons
 a - a +0 hand axe (weapon)
Armour
 b - a +0 animal skin
 k - a +0 leather armour (worn)
Jewellery
 c - a ring of protection from cold (left hand)
Scrolls
 d - a scroll of brand weapon {unknown}
 f - a scroll of enchant weapon {unknown}
 g - a scroll of teleportation {unknown}
 h - a scroll of torment {unknown}
 i - a scroll of immolation {unknown}
 j - a scroll of fog {unknown}
Potions
 e - a potion of attraction {unknown}


   Skills:
 + Level 4.4 Fighting
 + Level 4.4 Axes
 - Level 2.4 Armour
 - Level 2.1 Dodging


You had 2 spell levels left.
You didn't know any spells.
Your spell library was empty.

Dungeon Overview and Level Annotations

Branches:
Dungeon (2/15)

Altars:


Innate Abilities, Weirdness & Mutations

You have a pair of horns on your head.
You reflexively headbutt those who attack you in melee.


Message History

You kill the ball python!
Trog accepts your kill.
You feel sick. The bat hits you but does no damage.
The adder closely misses you.
You take 2 damage, and have 19/34 hp.
Unknown command.
You miss the adder. You closely miss the bat.
You feel sick. The bat barely misses you. You furiously retaliate!
You headbutt the bat.
You kill the bat!
Trog accepts your kill. The adder bites you.
You take 2 damage, and have 17/34 hp.
Unknown command.
You hit the adder.
The adder is lightly wounded.
You hit the worm.
You feel sick.
You are no longer poisoned.
The adder bites you.
* * * LOW HITPOINT WARNING * * *
The adder completely misses you.
You take 4 damage, and have 13/34 hp.
You hit the adder.
The adder is heavily wounded.
You hit the worm. The worm bites you.
* * * LOW HITPOINT WARNING * * *
The adder closely misses you.
You take 3 damage, and have 10/34 hp.
You barely miss the adder.
The adder is heavily wounded.
You barely miss the worm. The adder bites you.
* * * LOW HITPOINT WARNING * * *
The worm barely misses you. You furiously retaliate!
You headbutt the worm.
You take 4 damage, and have 6/34 hp.
Unknown command.
You hit the adder but do no damage. Your headbutt misses the adder.
The adder is heavily wounded.
You barely miss the worm. The adder completely misses you. The adder bites you.
* * * LOW HITPOINT WARNING * * *
The worm bites you!
You die...

....##.###.....#
. ##.######### .
#......... ..
#..######. ..
#..# #.##.##..#
#........#
#..###...# #.S@#
#.##†w# ..#
#.!.# #.. .##...
## # ...# ###.#
#.. ..


You could see a worm and an adder.

Vanquished Creatures
  An adder (D:2)
  A dart slug (D:1)
  2 endoplasms
  A giant cockroach (D:1)
  A goblin (D:1)
  A hobgoblin (D:1)
  A jackal (D:2)
  5 ball pythons
  3 bats
  A frilled lizard (D:1)
  3 kobolds (D:1)
  A rat (D:2)
21 creatures vanquished.

Notes
Turn   | Place    | Note
-------+----------+-------------------------------------------
     0 | D:1      | spardeous the Minotaur Berserker began the quest for the
                  | Orb.
     0 | D:1      | Reached XP level 1. HP: 19/19 MP: 0/0
   217 | D:1      | Reached XP level 2. HP: 26/27 MP: 1/1
   651 | D:2      | Reached XP level 3. HP: 21/34 MP: 2/2
   656 | D:2      | Slain by a worm

Illustrated notes

Levels and vault maps discovered:
D:1:      dpeg_arrival_orchard, layout_basic
D:2:      layout_basic, hellmonk_ecumenical_altar_lost_god, minmay_vboxes

Skill      XL: |  1 |
---------------+----+-----
Fighting       | 4 |  4.4
Axes           | 4 |  4.4
Armour         | |  2.4
Dodging        | |  2.1

Action                     || total
---------------------------++-------
  Melee: Hand axe          ||    47
         Headbutt          ||     2
 Armour: Animal skin       ||     7
         Leather armour    ||     5
  Dodge: Dodged            ||    42
